 Dungeon Crawl Stone Soup version 0.18-a0-1789-gbeff17f (webtiles) character file.

10 M4edhros the Grave Robber (level 2, -1/17 HPs)
             Began as an Octopode Necromancer on Apr 21, 2016.
             Slain by a hound (5 damage)
             ... on level 2 of the Dungeon.
             The game lasted 00:02:37 (516 turns).

M4edhros the Grave Robber (Octopode Necromancer)     Turns: 516, Time: 00:02:38

Health: -1/17      AC:  1    Str:  7    XL:     2   Next: 20%
Magic:  4/5        EV: 14    Int: 17    God:
Gold:   88         SH:  0    Dex: 12    Spells: 1 memorised, 4 levels left

rFire  . . .     SeeInvis .       - Unarmed
rCold  + . .     Gourm    .     (no shield)
rNeg   . . .     Faith    .     (helmet restricted)
rPois  .         Spirit   .     (no amulet)
rElec  .         Dismiss  .     (no ring)
rCorr  .         Reflect  .     (no ring)
SustAt .         Harm     .     (no ring)
MR     .....                    (no ring)
Stlth  +++.......               (no ring)
                                (no ring)
                                (no ring)
                                (no ring)

@: not resistant to hostile enchantments, fairly stealthy
A: almost no armour, amphibious, 8 rings, constrict 8, repulsion field 1,
camouflage 1, cold resistance 1, gelatinous body 1, evolution 1
a: no special abilities


You were on level 2 of the Dungeon.
You were not hungry.

You visited 1 branch of the dungeon, and saw 2 of its levels.

You collected 88 gold pieces.

Inventory:

Missiles
 c - 17 sling bullets
 d - 14 poisoned needles
 i - 21 stones (quivered)
Scrolls
 e - 2 scrolls of immolation {unknown}
 f - 2 scrolls of identify {unknown}
 g - a scroll of blinking {unknown}
 k - a scroll of remove curse {unknown}
Potions
 h - a potion of curing {unknown}
 j - a potion of brilliance
Books
 a - a book of Necromancy

   Spells                             Type                      Level
   a - Pain                           Necromancy                   1
   b - Animate Skeleton               Necromancy                   1
   c - Vampiric Draining              Necromancy                   3
   d - Regeneration                   Charms/Necromancy            3
   e - Animate Dead                   Necromancy                   4
   f - Control Undead                 Necromancy                   4
Comestibles
 b - a bread ration
 l - a royal jelly


   Skills:
 - Level 2.0 Dodging
 - Level 2.6 Stealth
 + Level 1.8 Unarmed Combat
 - Level 2.0 Spellcasting
 - Level 4.0 Necromancy


You had 4 spell levels left.
You knew the following spells:

 Your Spells              Type           Power        Failure   Level  Hunger
a - Pain                  Necr           ###.         3%          1    #......


Dungeon Overview and Level Annotations

Branches:
Dungeon (2/15)

Altars:
Makhleb

Annotations:
D:2 Terence


Innate Abilities, Weirdness & Mutations

You cannot wear most types of armour.
You are amphibious.
You can wear up to eight rings at the same time.
You can use your tentacles to constrict eight enemies at once.
Your skin changes colour to match your surroundings (Stealth).
Your rubbery body absorbs attacks (AC +1).
You are surrounded by a mild repulsion field (EV +2).
Your flesh is cold resistant.
You evolve.


Message History

The hound closely misses you.
Casting: Pain
Confirm with . or Enter, or press ? or * to list all spells.
Aiming: Pain
Press: ? - help, Shift-Dir - straight line, f - hound
Aim: a hound (chance to defeat MR: 80%)
The hound convulses in agony!
The hound closely misses you.
You tentacle-slap the hound. Your grab misses the hound.
The hound is heavily wounded.
The hound bites you. x2
You closely miss the hound. You grab the hound.
The hound is heavily wounded.
You constrict the hound, but do no damage.
The hound bites you.
* * * LOW HITPOINT WARNING * * *
You tentacle-slap the hound but do no damage.
The hound is heavily wounded.
You constrict the hound, but do no damage.
The hound completely misses you. The hound bites you.
You die...

#.# #.# #.# #.# ####
#.# ###...# # #.#
#.....## #
########.####.@h._∩#
###.................##
.................#..#
###..............####
# ################ # #


You could see a hound.

Vanquished Creatures
  A worm (D:2)
  A goblin (D:1)
  A hobgoblin (D:2)
  2 kobolds (D:1)
  A giant newt (D:2)
  A rat (D:2)
7 creatures vanquished.

Notes
Turn   | Place    | Note
--------------------------------------------------------------
     0 | D:1      | M4edhros the Octopode Necromancer began the quest for the Orb.
     0 | D:1      | Reached XP level 1. HP: 11/11 MP: 3/3
    29 | D:2      | Reached skill level 1 in Unarmed Combat
   118 | D:1      | Reached XP level 2. HP: 11/17 MP: 3/5
   239 | D:1      | Gained mutation: You are surrounded by a mild repulsion field (EV +2). [potion of mutation]
   239 | D:1      | Gained mutation: You evolve. [potion of mutation]
   239 | D:1      | Gained mutation: Your flesh is cold resistant. [potion of mutation]
   377 | D:2      | Noticed Terence
   507 | D:2      | Found a burning altar of Makhleb.
   516 | D:2      | Slain by a hound

Vault maps used:
D:1:      dpeg_arrival_pits, hex_tiny
D:2:      makhleb_heckhound_becter, uniq_natasha, uniq_robin, uniq_terence

Skill      XL: |  1 |
---------------+----+-----
Unarmed Combat | 1 |  1.8
Dodging        | |  2.0
Stealth        | |  2.6
Spellcasting   | |  2.0
Necromancy     | |  4.0

Action                   || total
-------------------------++-------
Melee: Unarmed           ||    18
       Constrict         ||     4
       Tentacles         ||     2
 Cast: Pain              ||     6
  Use: Potion            ||     3
Dodge: Dodged            ||     9
